 Dungeon Crawl Stone Soup version 0.31.0-12-g77e489cdc1 (webtiles) character file.

Game seed: 15223974919887563517

40 Metae the Covered (level 3, -1/33 HPs)
             Began as a Minotaur Fighter on Feb 21, 2024.
             Killed from afar by Sigmund (6 damage)
             ... with a puff of flame
             ... on level 2 of the Dungeon.
             The game lasted 00:06:25 (1073 turns).

Metae the Covered (Minotaur Fighter)                Turns: 1073, Time: 00:06:26

Health: -1/33      AC:  7    Str: 22    XL:     3   Next: 30%
Magic:  2/2        EV:  9    Int:  5    God:
Gold:   86         SH:  4    Dex:  9    Spells: 2/2 levels left

rFire   . . .        a - +0 trident
rCold   . . .        c - +0 buckler
rNeg    . . .        b - +0 scale mail
rPois   .            (helmet restricted)
rElec   .            (no cloak)
rCorr   .            (no gloves)
SInv    .            (no boots)
Will    .....        (no amulet) Stlth
                     (no ring)
HPRegen 0.25/turn    (no ring)
MPRegen 0.08/turn

%: no passive effects
@: no status effects
A: horns 2, retaliatory headbutt
a: no special abilities


You were on level 2 of the Dungeon.
You visited 1 branch of the dungeon, and saw 2 of its levels.

You collected 108 gold pieces.
You spent 22 gold pieces at shops.

Inventory:

Hand Weapons
 a - a +0 trident (weapon)
 l - a +0 sling
Missiles
 n - 6 silver javelins (quivered)
Armour
 b - a +0 scale mail (worn)
 c - a +0 buckler (worn)
Jewellery
 k - a ring of ice
Scrolls
 e - 2 scrolls of fear
 g - a scroll of poison
 i - a scroll of butterflies
 m - a scroll of amnesia {unknown}
 p - a scroll of blinking {unknown}
Potions
 d - 3 potions of might
 f - a potion of invisibility {unknown}
 h - a potion of resistance {unknown}
 j - a potion of heal wounds {unknown}
 o - a potion of mutation {unknown}


   Skills:
 + Level 4.0 Fighting
 + Level 3.0 Polearms
 + Level 4.0 Armour
 + Level 1.3 Dodging
 + Level 4.0 Shields


You had 2 spell levels left.
You didn't know any spells.
Your spell library was empty.

Dungeon Overview and Level Annotations

Branches:
Dungeon (2/15)

Altars:

Shops:
D:1 ?

Annotations:
D:2 Sigmund


Innate Abilities, Weirdness & Mutations

You have a pair of horns on your head.
You reflexively headbutt those who attack you in melee.


Message History

You condense into your normal self.
Your +0 trident unmelds from your body.
Your +0 buckler unmelds from your body.
Your +0 scale mail unmelds from your body.
Something hits you but does no damage.
You closely miss something.
You hear some strange, mumbled words.
You are confused.
You're too confused to move!
Sigmund appears from thin air!
Reactivating autopickup.
Sigmund hits you with a +0 scythe.
You miss Sigmund.
Sigmund is moderately wounded.
Sigmund barely misses you. Sigmund hits you but does no damage.
You feel less confused. You block Sigmund's attack.
You hit Sigmund.
Sigmund is moderately wounded.
You barely miss Sigmund.
Sigmund is moderately wounded.
Sigmund says, "You will soon forget everything."
Sigmund casts a spell at you.
The magic dart hits you but does no damage.
Sigmund zaps a wand.
You resist with significant effort.
You hit Sigmund.
Sigmund is heavily wounded.
Sigmund screams, "Don't try to resist!"
Sigmund hits you with a +0 scythe!
* * * LOW HITPOINT WARNING * * *
You closely miss Sigmund.
Sigmund is heavily wounded.
Sigmund closely misses you.
You barely miss Sigmund.
Sigmund is heavily wounded.
You hit Sigmund but do no damage.
Sigmund is heavily wounded.
Sigmund casts a spell at you. The puff of flame hits you.
You die...
Sigmund begins carving another notch in his scythe.

#..........# #.#........#
##....###...#
......##....##
#.....##.##..####
..#..###.##>....## #....#
#.##..##..#
#.##.###.###..##@#########
..##.##..# ##.##@........#
####.#..## #.##.........#
####.#.######.##.........#
.....................!?..#
####...######.##........$#
...##.## #..#.........#
##.##.## #..#...>.....#
.#.##..# #.############
.#.....# #.#


You could see Sigmund.

Vanquished Creatures
  A dart slug (D:1)
  2 ball pythons
  5 bats
  3 giant cockroaches
  5 goblins
  5 hobgoblins
  2 jackals (D:1)
  A quokka (D:2)
  6 frilled lizards
  2 kobolds (D:1)
  4 rats (D:1)
36 creatures vanquished.

Notes
Turn   | Place    | Note
-------+----------+-------------------------------------------
     0 | D:1      | Metae the Minotaur Fighter began the quest for the Orb.
     0 | D:1      | Reached XP level 1. HP: 19/19 MP: 0/0
    34 | D:1      | You fall into a shaft and drop 1 floor!
   140 | D:1      | Reached XP level 2. HP: 27/27 MP: 1/1
   295 | D:1      | Reached skill level 1 in Dodging
   357 | D:1      | Found Ragunauwk's Magic Scroll Boutique.
   366 | D:1      | Bought a scroll of identify for 22 gold pieces
   591 | D:2      | Reached XP level 3. HP: 32/33 MP: 2/2
   789 | D:2      | Noticed Sigmund
  1073 | D:2      | Killed from afar by Sigmund

Illustrated notes

Levels and vault maps discovered:
D:1:      scummos_arrival_simple_crosswalls, layout_rooms, serial_shops, shop,
          hangedman_decor_opposing
D:2:      layout_rooms, st_stairs_1, amcnicky_mini_pool_small,
          minmay_quadrilaterals, uniq_sigmund

Skill      XL: |  1  2  3 |
---------------+----------+-----
Dodging        | 1 |  1.3
Armour         | 4 |  4.0
Shields        | 4 |  4.0
Fighting       | 4 |  4.0
Polearms       | 3 |  3.0

Action                     || total
---------------------------++-------
  Melee: Trident           ||    96
         Headbutt          ||     3
         Unarmed           ||    23
    Use: Scroll            ||     3
 Armour: Scale mail        ||    57
         Skin              ||    11
  Dodge: Dodged            ||    55
  Block: Buckler           ||    12
